 Dungeon Crawl Stone Soup version 0.29-a0-666-g26d293caef (webtiles) character file.

Game seed: 6195550008697692536

3301 Conn the Arsonist (level 10, 0/60 HPs)
             Began as an Octopode Fire Elementalist on June 23, 2022.
             Was a Follower of Sif Muna.
             Killed from afar by Grum (28 damage)
             ... with a bolt of light
             ... on level 8 of the Dungeon.
             The game lasted 00:19:31 (9751 turns).

Conn the Arsonist (Octopode Fire Elementalist)      Turns: 9751, Time: 00:19:32

Health: 0/60       AC:  1    Str:  7    XL:     10   Next: 1%
Magic:  7/20       EV: 16    Int: 23    God:    Sif Muna [*.....]
Gold:   457        SH:  0    Dex: 24    Spells: 9/23 levels left

rFire   . . .      SeeInvis .   h - +2 dagger (protect)
rCold   . . .      Faith    .   (no shield)
rNeg    . . .      Spirit   .   (helmet restricted)
rPois   .          Reflect  .   (no amulet)
rElec   .          Harm     .   k - +6 ring of dexterity
rCorr   .          Rampage  .   F - +6 ring of dexterity
Will    .....                   (no ring)
Stlth   ++........              (no ring)
HPRegen 0.20/turn               (no ring)
MPRegen 0.17/turn               (no ring)
                                (no ring)
                                (no ring)

@: confused
A: almost no armour, amphibious, 8 rings, camouflage 1, gelatinous body 1,
(nimble swimmer 1), tentacles
a: Renounce Religion, Channel Magic


You were on level 8 of the Dungeon.
You worshipped Sif Muna.
Sif Muna was aware of your devotion.
You visited 2 branches of the dungeon, and saw 9 of its levels.
You also visited: Sewer.

You collected 457 gold pieces.

Inventory:

Hand Weapons
 b - a +0 dagger
 h - a +2 dagger of protection (weapon)
Missiles
 B - 2 throwing nets
Armour
 y - a +0 buckler
Magical Staves
 l - a staff of earth
Jewellery
 k - a +6 ring of dexterity (left tentacle)
 F - a +6 ring of dexterity (right tentacle)
Wands
 A - a wand of iceblast (8)
 C - a wand of light (9)
 G - a wand of flame (24)
Scrolls
 d - a scroll of fear
 e - 2 scrolls of enchant armour
 f - 3 scrolls of brand weapon
 i - a scroll of magic mapping
 m - 4 scrolls of teleportation
 p - 3 scrolls of blinking
 q - a scroll of torment
 r - 2 scrolls of amnesia
 w - 2 scrolls of immolation
 z - 2 scrolls of fog
 E - a scroll of poison
Potions
 a - a potion of magic
 c - a potion of flight
 g - 2 potions of resistance
 j - a potion of might
 n - 2 potions of brilliance {unknown}
 s - 2 potions of attraction {unknown}
 t - 4 potions of haste {unknown}
 u - 3 potions of curing {unknown}
 v - a potion of berserk rage {unknown}
 x - a potion of ambrosia {unknown}
 D - a potion of heal wounds {unknown}
 H - 2 potions of lignification {unknown}
Miscellaneous
 o - a box of beasts (inert)


   Skills:
 + Level 2.1 Fighting
 + Level 2.3 Short Blades
 + Level 3.8 Dodging
 + Level 5.3 Stealth
 + Level 7.2 Spellcasting
 * Level 5.3 Conjurations
 + Level 0.7 Hexes
 * Level 2.3 Summonings
 + Level 8.0 Fire Magic
 * Level 1.9 Invocations


You had 9 spell levels left.
You knew the following spells:

 Your Spells              Type           Power      Damage    Failure   Level
a - Foxfire               Conj/Fire      100%       2x1d9     1%          1
b - Conjure Flame         Conj/Fire      39%        6-21      1%          3
c - Inner Flame           Hex/Fire       28%        N/A       3%          3
d - Flame Wave            Conj/Fire      39%        2d9       4%          4
e - Scorch                Fire           90%        2d9       1%          2
f - Summon Small Mammal   Summ           76%        N/A       2%          1

Your spell library contained the following spells:

 Spells                   Type           Power      Damage    Failure   Level
 Apportation              Tloc           16%        N/A       8%          1
 Necrotize                Necr           32%        1d5       8%          1
 Leda's Liquefaction      Hex/Erth       5%         N/A       54%         4
 Lee's Rapid Deconstruct  Erth           4%         3d6*      91%         5
 Dispersal                Tloc           4%         N/A       100%        6
 Statue Form              Tmut/Erth      5%         N/A       100%        6
 Disjunction              Tloc           4%         N/A       100%        8


Dungeon Overview and Level Annotations

Branches:
Dungeon (8/15)             Temple (1/1) D:5           Sewer (visited)
   Lair: D:8-11

Altars:
Ashenzari
Cheibriados
Dithmenos
Fedhas
Gozag
Kikubaaqudgha
Makhleb
Okawaru
Qazlal
Ru
Sif Muna
Trog
Uskayaw
Wu Jian
Xom
Yredelemnul

Shops:
D:6 :

Annotations:
D:8 Grum


Innate Abilities, Weirdness & Mutations

You cannot wear most types of armour.
You are amphibious.
You can wear up to eight rings at the same time.
Your skin changes colour to match your surroundings (Stealth+).
Your rubbery body absorbs attacks. (AC +1, EV +1)
((You are camouflaged when in or above water. (Stealth+)))
You have tentacles for arms and can constrict up to eight enemies at once.


Message History

Unknown command.
A wave of flame ripples out!
The flame wave engulfs the wolf.
The wolf is heavily wounded.
The flame wave engulfs the wolf!
You kill the wolf!
Sif Muna accepts your kill.
The flame wave engulfs Grum!
Grum is moderately wounded.
You finish channelling waves of flame.
The wolf bites you! The wolf barely misses you.
Your Summonings skill increases to level 1!
Unknown command.
Casting: Flame Wave (dangerous; 4% risk of failure)
Confirm with . or Enter, or press ? or * to list all spells.
Casting: Flame Wave (dangerous; 4% risk of failure)
Press: ? - help, Dir - look around, f - activate A wave of flame ripples out!
The flame wave engulfs the wolf.
The wolf is severely wounded. (Press . to intensify the flame waves.)
The wolf barely misses you.
Grum hits you from afar with a +0 halberd of flaming!
Grum burns you. The wolf misses you.
Unknown command.
A wave of flame ripples out!
The flame wave engulfs the wolf!
You kill the wolf!
Sif Muna accepts your kill.
The flame wave engulfs Grum!
Grum is severely wounded.
Grum barely misses you.
Your Summonings skill increases to level 2!
You have reached level 10!
You feel clever.
A wave of flame ripples out!
The flame wave engulfs Grum.
Grum is severely wounded.
You finish channelling waves of flame.
Grum barely misses you.
Casting: Flame Wave (dangerous; 4% risk of failure)
Confirm with . or Enter, or press ? or * to list all spells.
Grum zaps a wand.
The bolt of light hits you!!
You are confused.
You die...

###### #.....#
####......#
.##########..........
.....................
.......<.............
.............@†g.....
..........$..........
............r........
.....................
.....................
.....................
.....................
....................


You could see Grum (ally target) and a friendly quokka (summoned).

Vanquished Creatures
  Sigmund (D:6)
  Eustachio (D:6)
  An acid dragon (D:5)
  2 water moccasins
  An ice beast (D:5)
  2 black bears (D:5)
  A sky beast (D:7)
  2 wolves (D:8)
  3 ogres
  2 centaurs
  5 bullfrogs
  2 necrophages
  3 scorpions
  2 howler monkeys
  6 hounds
  2 orc priests
  A jelly (D:5)
  A gnoll shaman (D:4)
  4 iguanas
  7 orc wizards
  12 gnolls
  11 adders
  A shadow imp (D:5)
  A white imp (D:5)
  2 ufetubi
  A worm (D:4)
  19 orcs
  5 endoplasms
  8 giant cockroaches (Sewer)
  5 goblins
  3 hobgoblins
  7 jackals
  8 quokkas
  12 ball pythons
  3 bats
  7 frilled lizards
  4 kobolds
  8 rats
166 creatures vanquished.

Vanquished Creatures (collateral kills)
  Edmund (D:6)
  A foxfire (D:1)
2 creatures vanquished.

Vanquished Creatures (others)
  507 foxfires
  4 plants (D:1)
511 creatures vanquished.

Grand Total: 679 creatures vanquished

Notes
Turn   | Place    | Note
-------+----------+-------------------------------------------
     0 | D:1      | Conn the Octopode Fire Elementalist began the quest for the
                  | Orb.
     0 | D:1      | Reached XP level 1. HP: 11/11 MP: 3/3
   175 | D:1      | Reached XP level 2. HP: 1/17 MP: 1/5
  1470 | D:2      | Found a basalt altar of Yredelemnul.
  1566 | D:2      | Reached XP level 3. HP: 21/21 MP: 3/6
  1714 | D:2      | Reached skill level 4 in Fire Magic
  2705 | D:3      | Found an opulent altar of Gozag.
  2791 | D:3      | You fall into a shaft and drop 1 floor!
  2920 | D:4      | Found a glowing drain.
  2931 | D:4      | Reached XP level 4. HP: 27/27 MP: 5/7
  2933 | Sewer    | Entered a sewer
  3106 | Sewer    | Noticed a bullfrog
  3110 | Sewer    | Killed a bullfrog
  3111 | Sewer    | Reached XP level 5. HP: 31/31 MP: 3/9
  3343 | Sewer    | Reached XP level 6. HP: 36/36 MP: 6/10
  3472 | D:4      | Learned a level 2 spell: Scorch
  3476 | D:4      | Learned a level 3 spell: Conjure Flame
  3480 | D:4      | Learned a level 3 spell: Inner Flame
  4282 | D:3      | Found a stormy altar of Qazlal.
  4284 | D:3      | Noticed an air elemental
  4284 | D:3      | Noticed a fire elemental
  4284 | D:3      | Noticed a water elemental
  5379 | D:5      | Entered Level 5 of the Dungeon
  5399 | D:5      | Reached XP level 7. HP: 42/42 MP: 4/12
  5604 | D:5      | Reached skill level 1 in Short Blades
  5604 | D:5      | Reached skill level 5 in Fire Magic
  6204 | D:5      | Reached skill level 1 in Fighting
  6204 | D:5      | Reached XP level 8. HP: 48/48 MP: 0/15
  6366 | D:5      | Learned a level 4 spell: Flame Wave
  6382 | D:5      | Reached skill level 5 in Spellcasting
  6691 | D:5      | Reached skill level 6 in Fire Magic
  7010 | D:5      | Found a staircase to the Ecumenical Temple.
  7019 | Temple   | Entered the Ecumenical Temple
  7053 | Temple   | Became a worshipper of Sif Muna the Loreminder
  7726 | D:6      | Found Mookeurgha's Self-Improvement Boutique.
  7773 | D:6      | Found an ancient bone altar of Kikubaaqudgha.
  7828 | D:6      | Reached XP level 9. HP: 46/53 MP: 7/18
  7971 | D:6      | Reached skill level 5 in Stealth
  8122 | D:6      | Noticed Eustachio
  8131 | D:6      | Killed Eustachio
  8132 | D:6      | Reached skill level 7 in Fire Magic
  8134 | D:6      | Noticed Edmund
  8140 | D:6      | Killed Edmund
  8169 | D:6      | Noticed Sigmund
  8178 | D:6      | Killed Sigmund
  8291 | D:6      | Found a broken altar of Ashenzari.
  8580 | D:7      | Learned a level 1 spell: Summon Small Mammal
  8809 | D:7      | Reached skill level 1 in Invocations
  8875 | D:7      | Reached * piety under Sif Muna
  9104 | D:7      | Reached skill level 5 in Conjurations
  9292 | D:7      | Found a basalt altar of Yredelemnul.
  9742 | D:8      | Noticed Grum
  9746 | D:8      | Reached skill level 8 in Fire Magic
  9748 | D:8      | Reached skill level 1 in Summonings
  9750 | D:8      | Reached XP level 10. HP: 28/60 MP: 8/20
  9751 | D:8      | Killed from afar by Grum

Illustrated notes

Levels and vault maps discovered:
D:1:      roderic_crop_circles_arrival_small, layout_basic
D:2:      layout_basic, basic_altar
D:3:      layout_basic, nicolae_qazlal_style_of_elements,
          mainiacjoe_overflow_six_doors_small
D:4:      layout_layer_cave, cheibrodos_sewer_entry_bend
D:5:      minmay_chambers_of_threes, layout_basic, lemuel_temple_firewalk_a
D:6:      layout_basic, general_overflow_altar,
          mainiacjoe_overflow_small_starburst, nicolae_shop_self_help,
          uniq_edmund, uniq_eustachio, uniq_sigmund
D:7:      layout_gridville, kennysheep_little_box
D:8:      layout_layer_cave, lair_entry_dummy, serial_shops,
          nicolae_shop_waterfront, shop, nicolae_shop_overgrown_old_shop, shop,
          shop, uniq_maggie, uniq_grum
Temple:   regret_index_temple_waves

Skill      XL: |  1  2  3  4  5  6  7  8  9 |
---------------+----------------------------+-----
Stealth        | 3 4 5 |  5.3
Fire Magic     | 4 5 6 8 |  8.0
Conjurations   | 2 3 4 5 |  5.3
Spellcasting   | 3 4 6 7 |  7.2
Short Blades   | 1 2 |  2.3
Dodging        | 3 |  3.8
Fighting       | 1 2 |  2.1
Invocations    | 1 |  1.9
Summonings     | 2 |  2.3
Hexes          | |  0.7

Action                   |  1- 3 |  4- 6 |  7- 9 | 10-12 || total
-------------------------+-------+-------+-------+-------++-------
Melee: Unarmed           |    11 |       |       |       ||    11
       Constrict         |    10 |     7 |    16 |       ||    33
       Tentacles         |     4 |     8 |    17 |       ||    29
       Dagger            |    12 |    20 |    49 |       ||    81
       Punch             |       |       |     3 |       ||     3
 Cast: Foxfire           |    82 |    76 |   142 |       ||   300
       Scorch            |       |     4 |    31 |       ||    35
       Conjure Flame     |       |     1 |     3 |       ||     4
       Flame Wave        |       |       |     6 |       ||     6
       Inner Flame       |       |       |     3 |       ||     3
       Summon Small Mamm |       |       |       |     1 ||     1
Evoke: Box of beasts     |       |       |     1 |       ||     1
  Use: Scroll            |       |     7 |     7 |       ||    14
 Stab: Sleeping          |     3 |     2 |     3 |       ||     8
Armor: Skin              |       |     7 |     7 |       ||    14
Dodge: Dodged            |    18 |    18 |    78 |     1 ||   115

Table legend: (Time is in decaauts)
 A = Elapsed time spent in this place.
 B = Non-inter-level travel time spent in this place.
 C = Inter-level travel time spent in this place.
 D = Time resting spent in this place.
 E = Time spent auto-exploring this place.
 F = Levels seen in this place.
 G = Mean time per level.
                   A        B        C        D        E       F      G
               +--------+--------+--------+--------+--------+-----+--------+
         Total |   9743 |   9507 |    236 |     69 |   8030 |  10 |  974.3 |
       Dungeon |   9146 |   8937 |    209 |     69 |   7601 |   8 | 1143.2 |
        Temple |     61 |     34 |     27 |      0 |     21 |   1 |   61.0 |
         Sewer |    534 |    534 |      0 |      0 |    408 |   1 |  534.0 |
               +--------+--------+--------+--------+--------+-----+--------+

Top non-repeatable levels by time:
     D:5: 2283 daAuts
     D:1: 1469 daAuts
     D:4: 1463 daAuts
     D:2: 1218 daAuts
     D:7: 1157 daAuts
     D:6: 849 daAuts
     D:3: 689 daAuts
   Sewer: 534 daAuts
  Temple: 61 daAuts
     D:8: 14 daAuts
